 Dungeon Crawl Stone Soup version 0.26-b1-32-g5d43845318 (webtiles) character file.

Game seed: 16221522336060380287

20765 MTVSty1e the Severer (level 12, -3/115 HPs)
             Began as a Minotaur Monk on Jan 10, 2021.
             Was a High Priest of Okawaru.
             Slain by a yak (5 damage)
             ... on level 1 of the Lair of Beasts.
             The game lasted 00:16:22 (14266 turns).

MTVSty1e the Severer (Minotaur Monk)               Turns: 14266, Time: 00:16:22

Health: -3/115     AC: 15    Str: 21    XL:     12   Next: 48%
Magic:  7/9        EV: 19    Int:  7    God:    Okawaru [*****.]
Gold:   488        SH:  0    Dex: 24    Spells: 11/11 levels left

rFire    . . .     SeeInvis +   f - +3 hand axe (venom)
rCold    . . .     Faith    .   (no shield)
rNeg     . . .     Spirit   .   J - +0 acid dragon scales
rPois    .         Reflect  .   (helmet restricted)
rElec    .         Harm     .   w - +2 cloak
rCorr    +         Rampage  .   g - +0 pair of gloves {Dex+3}
Will     .....                  (no boots)
Stlth    ++++......             (no amulet)
HPRegen  0.29/turn              m - +6 ring of dexterity
MPRegen  0.11/turn              l - ring of see invisible

@: lethally poisoned (-3 -> -3), heroism
A: retaliatory headbutt, horns 2, talons 1, agile 1, low mp 1
a: Renounce Religion, Heroism, Finesse


You were on level 1 of the Lair of Beasts.
You worshipped Okawaru.
Okawaru was extremely pleased with you.
You visited 3 branches of the dungeon, and saw 13 of its levels.

You collected 628 gold pieces.
You spent 140 gold pieces at shops.

Inventory:

Hand Weapons
 a - a +0 hand axe
 f - a +3 hand axe of venom (weapon)
 x - a +3 battleaxe
 D - a +3 flail of freezing
Armour
 g - a +0 pair of gloves of dexterity (worn)
 p - a scarf of shadows
 u - a +1 plate armour
 w - a +2 cloak (worn)
 B - a +0 pair of gloves
 J - +0 acid dragon scales (worn)
Jewellery
 l - a ring of see invisible (right hand)
 m - a +6 ring of dexterity (left hand)
 t - an uncursed ring of fire
 G - a +6 ring of dexterity
Wands
 v - a wand of iceblast (8)
 y - a wand of flame (29)
 E - a wand of random effects (40)
 F - a wand of polymorph (15)
Scrolls
 e - 6 scrolls of remove curse
 j - 9 scrolls of identify
 n - 4 scrolls of enchant armour
 o - 3 scrolls of fear
 q - 4 scrolls of enchant weapon
 r - 4 scrolls of immolation
 s - a scroll of teleportation
 A - a scroll of fog
 C - a scroll of blinking
 H - a scroll of amnesia
Potions
 b - 4 potions of attraction
 c - a potion of mutation
 d - a potion of ambrosia
 h - 4 potions of lignification
 i - 2 potions of cancellation
 k - 4 potions of curing
 z - a potion of flight
 I - a potion of haste
 L - a potion of berserk rage {unknown}


   Skills:
 + Level 13.0(18.0) Fighting
 * Level 17.3(22.3) Axes
 + Level 11.1(16.1) Armour
 - Level 3.2(8.2) Dodging
 - Level 1.5(6.5) Stealth


You had 11 spell levels left.
You didn't know any spells.
Your spell library contained the following spells:

 Spells                   Type           Power        Failure   Level
 Magic Dart               Conj           0%           47%         1
 Searing Ray              Conj           0%           63%         2
 Confusing Touch          Hex            0%           85%         3
 Dazzling Flash           Conj/Hex       0%           85%         3
 Gell's Gravitas          Tloc           0%           85%         3
 Fulminant Prism          Conj/Hex       0%           99%         4
 Iskenderun's Mystic Bla  Conj/Tloc      0%           99%         4
 Petrify                  Tmut/Erth      0%           99%         4
 Metabolic Englaciation   Hex/Ice        0%           100%        5
 Yara's Violent Unravell  Hex/Tmut       0%           100%        5


Dungeon Overview and Level Annotations

Branches:
Dungeon (11/15)            Temple (1/1) D:7            Lair (1/6) D:11
    Orc (0/2) D:11

Altars:
Ashenzari
Cheibriados
Dithmenos
Elyvilon
Fedhas
Gozag
Hepliaklqana
Kikubaaqudgha
Makhleb
Nemelex Xobeh
Okawaru
Qazlal
Ru
Sif Muna
Trog
Uskayaw
Vehumet
Wu Jian
Xom
Yredelemnul
Zin
The Shining One

Shops:
D:6 *

Annotations:
D:4 2 runed translucent doors, p0werm0de's ghost, novice DDFi
D:11 2 runed translucent doors, p0werm0de's ghost, journeyman DDFi


Innate Abilities, Weirdness & Mutations

You reflexively headbutt those who attack you in melee.
You have a pair of horns on your head.
You have sharp toenails.
You are agile. (Dex +2)
Your magical capacity is low. (-10% MP)


Message History

You headbutt the black bear!
You kill the black bear!
Okawaru accepts your kill.
You hit the yak but do no damage.
The yak is poisoned.
Your kick misses the yak. You hit the yak.
The yak looks as sick as possible!
You headbutt the yak!
The yak is moderately wounded.
The yak completely misses you.
You hit the yak. You claw the yak!
The yak is severely wounded.
You slash the yak!
You kill the yak!
Okawaru accepts your kill.
You feel sick. The yak gores you!
* * * LOW HITPOINT WARNING * * *
Items here: †††††.
You slash the yak!
The yak is poisoned.
You claw the yak.
The yak is heavily wounded.
The yak gores you.
You die...

.###########.#. ...
............. #..#+
P.........# . #....
#.......# ..#....
+.......# ..... #.......#
... #.......##
...###.#####...###.P#
?.......@Y....## #.##
.....####.###># #.# ....
#......'.# ##.# ### ..
#......P.# #..####.# ...
#........# ##....... ....
#......#.###........ .....
#.Y.................
......##.####.............
..........................


You could see a yak (very poisoned).

Vanquished Creatures
  2 boulder beetles (D:11)
  A centaur warrior (D:11)
  3 two-headed ogres
  A queen ant (D:11)
  A catoblepas (D:10)
  A skeletal warrior (D:11)
  An unseen horror (D:11)
  A deep elf mage (D:11)
  2 cane toads (Lair:1)
  A troll (D:10)
  Prince Ribbit (D:6)
  A harpy skeleton (D:11)
  A hornet (D:9)
  A shadow (D:11)
  2 wyverns (D:11)
  24 yaks
  A steam dragon (D:11)
  An acid dragon (D:11)
  21 soldier ants
  Duvessa (D:4)
  2 water moccasins (D:11)
  2 orc warriors
  4 sky beasts
  An ice beast (D:10)
  4 necrophages
  2 ogres
  A black bear (Lair:1)
  2 phantoms
  9 centaurs
  A big kobold (D:11)
  5 bullfrogs
  A wyvern zombie (D:11)
  A wyvern skeleton (D:10)
  Dowan (D:4)
  3 scorpions
  A troll zombie (D:11)
  11 killer bees
  16 wights
  A howler monkey (D:10)
  A quasit (D:9)
  2 bullfrog zombies (D:11)
  4 hounds
  An orc priest (D:11)
  A centaur zombie (D:7)
  7 jellies
  Crazy Yiuf (D:6)
  4 orc wizards
  2 centaur skeletons
  An iguana (D:11)
  20 worker ants
  7 ogre zombies (D:11)
  8 gnolls
  13 adders
  5 white imps
  3 ufetubi
  An adder skeleton (D:8)
  7 worms
  5 leopard geckos
  32 orcs
  A ball python (D:6)
  8 bats
  6 giant cockroaches
  5 goblins
  2 hobgoblins
  12 jackals
  10 kobolds
  10 quokkas
  8 frilled lizards
  A giant cockroach zombie (D:6)
  2 goblin skeletons (D:11)
  A goblin zombie (D:11)
  3 hobgoblin skeletons (D:11)
  3 hobgoblin zombies (D:11)
  2 leopard gecko zombies (D:5)
  3 orc skeletons (D:11)
  13 orc zombies (D:11)
  A quokka skeleton (D:6)
  11 rats
363 creatures vanquished.

Vanquished Creatures (others)
  A fungus (D:11)
  15 plants (D:11)
16 creatures vanquished.

Grand Total: 379 creatures vanquished

Notes
Turn   | Place    | Note
-------+----------+-------------------------------------------
     0 | D:1      | MTVSty1e the Minotaur Monk began the quest for the Orb.
     0 | D:1      | Reached XP level 1. HP: 19/19 MP: 0/0
   171 | D:1      | Reached skill level 4 in Axes
   310 | D:1      | Reached XP level 2. HP: 21/27 MP: 1/1
  1265 | D:2      | Reached XP level 3. HP: 33/33 MP: 2/2
  1416 | D:2      | Reached skill level 5 in Axes
  2097 | D:3      | Reached XP level 4. HP: 41/41 MP: 3/3
  2849 | D:3      | Found a bloodstained altar of Trog.
  3327 | D:4      | Found a large runed translucent door.
  3327 | D:4      | Found a large runed translucent door.
  3334 | D:4      | Noticed p0werm0de's ghost (novice DDFi)
  3407 | D:4      | Reached skill level 6 in Axes
  3407 | D:4      | Reached XP level 5. HP: 36/47 MP: 4/4
  3726 | D:4      | Reached skill level 5 in Fighting
  3794 | D:4      | Noticed Dowan
  3795 | D:4      | Noticed Duvessa
  3803 | D:4      | Killed Dowan
  3811 | D:4      | Gained mutation: You are agile. (Dex +2) [potion of
                  | mutation]
  3811 | D:4      | Gained mutation: Your magical capacity is low. (-10% MP)
                  | [potion of mutation]
  3811 | D:4      | Gained mutation: You have sharp toenails. [potion of
                  | mutation]
  3821 | D:4      | HP: 3/72 [Duvessa/+0 short sword (8)]
  3823 | D:4      | HP: 1/48 [Duvessa/+0 short sword (1)]
  3830 | D:4      | Killed Duvessa
  3831 | D:4      | Reached skill level 7 in Axes
  3831 | D:4      | Reached XP level 6. HP: 36/57 MP: 4/4
  4237 | D:5      | Entered Level 5 of the Dungeon
  4293 | D:5      | Reached skill level 8 in Axes
  4504 | D:5      | Reached XP level 7. HP: 58/63 MP: 5/5
  4750 | D:6      | Found a burning altar of Makhleb.
  4761 | D:6      | Noticed Prince Ribbit
  4786 | D:6      | Killed Prince Ribbit
  4787 | D:6      | Reached skill level 9 in Axes
  5138 | D:6      | Found a runed translucent door.
  5139 | D:6      | Noticed Crazy Yiuf
  5225 | D:6      | Killed Crazy Yiuf
  5497 | D:6      | Found Othrefesm's Hallowed Reliquary.
  5500 | D:6      | Found a glowing silver altar of Zin.
  5501 | D:6      | Noticed an angel
  5504 | D:6      | Bought a potion of heal wounds for 70 gold pieces
  5504 | D:6      | Bought a potion of heal wounds for 70 gold pieces
  5739 | D:6      | Reached XP level 8. HP: 51/73 MP: 6/6
  5742 | D:6      | Reached skill level 10 in Axes
  5957 | D:6      | Reached skill level 1 in Armour
  6202 | D:7      | Found a staircase to the Ecumenical Temple.
  6214 | Temple   | Entered the Ecumenical Temple
  6318 | Temple   | Became a worshipper of Warmaster Okawaru
  6318 | Temple   | Reached * piety under Okawaru
  6318 | Temple   | Reached ** piety under Okawaru
  7563 | D:8      | Reached skill level 11 in Axes
  7652 | D:8      | Reached XP level 9. HP: 69/80 MP: 7/7
  8248 | D:9      | Found a shimmering altar of Xom.
  8260 | D:9      | Reached *** piety under Okawaru
  8451 | D:9      | Reached skill level 12 in Axes
  8500 | D:9      | Reached skill level 5 in Armour
  8923 | D:9      | Noticed a two-headed ogre
  8933 | D:9      | Killed a two-headed ogre
  8934 | D:9      | Reached skill level 13 in Axes
  9146 | D:9      | Reached **** piety under Okawaru
  9147 | D:9      | Reached XP level 10. HP: 93/93 MP: 8/8
  9238 | D:10     | Entered Level 10 of the Dungeon
  9293 | D:10     | Reached skill level 10 in Fighting
  9417 | D:10     | Noticed a two-headed ogre
  9427 | D:10     | Killed a two-headed ogre
  9718 | D:10     | Noticed a catoblepas
  9736 | D:10     | Killed a catoblepas
 10047 | D:10     | Reached skill level 14 in Axes
 10451 | D:11     | Found a staircase to the Orcish Mines.
 10590 | D:11     | Reached ***** piety under Okawaru
 10822 | D:11     | Reached XP level 11. HP: 91/102 MP: 8/8
 10933 | D:11     | Found a large runed translucent door.
 10933 | D:11     | Found a large runed translucent door.
 10933 | D:11     | Noticed p0werm0de's ghost (journeyman DDFi)
 10989 | D:11     | Noticed a queen ant
 11014 | D:11     | Killed a queen ant
 11015 | D:11     | Reached skill level 15 in Axes
 11631 | D:11     | Noticed a two-headed ogre
 11639 | D:11     | Killed a two-headed ogre
 11639 | D:11     | Reached ****** piety under Okawaru
 11639 | D:11     | Received a gift from Okawaru
 11871 | D:11     | Noticed a centaur warrior
 11871 | D:11     | Noticed an unseen horror
 11871 | D:11     | Noticed a deep elf mage
 11878 | D:11     | Noticed an ogre mage
 11879 | D:11     | Reached skill level 16 in Axes
 11879 | D:11     | Noticed a boulder beetle
 11883 | D:11     | Noticed a boulder beetle
 11886 | D:11     | Killed a centaur warrior
 11895 | D:11     | Reached skill level 10 in Armour
 11913 | D:11     | Noticed a two-headed ogre
 11918 | D:11     | Killed a boulder beetle
 11926 | D:11     | Killed a boulder beetle
 12264 | D:11     | Received a gift from Okawaru
 12265 | D:11     | Reached XP level 12. HP: 89/113 MP: 9/9
 12323 | D:11     | Found a staircase to the Lair.
 13982 | D:11     | Reached skill level 17 in Axes
 14143 | Lair:1   | Entered Level 1 of the Lair of Beasts
 14265 | Lair:1   | HP: 2/115 [yak (10)]
 14266 | Lair:1   | Slain by a yak

Illustrated notes

Levels and vault maps discovered:
D:1:      eino_arrival_water_star, layout_basic
D:2:      layout_rooms, hex_intersection, minmay_tromino_v4_a
D:3:      layout_loops_ring, minmay_misc_feat_ornament, trog_butcher_becter
D:4:      layout_basic, ebering_ghost_disaster_area, uniq_duvessa
D:5:      layout_rooms
D:6:      layout_basic, kennysheep_mini_moat, nicolae_good_shop,
          uniq_prince_ribbit1, uniq_crazy_yiuf_cottage
D:7:      layout_loops_ring, minmay_temple_entry_junction
D:8:      layout_basic, grunt_decor_clamped
D:9:      layout_roguey, basic_altar
D:10:     layout_basic, grunt_decor_fettered, mrwooster_statue_mirror
D:11:     minmay_the_grid_square_5x5_3x3
          [minmay_the_grid_square_5x5_checkered_sparse,
          minmay_the_grid_square_5x5_v, minmay_the_grid_square_5x5_two_small,
          minmay_the_grid_square_5x5_corner,
          minmay_the_grid_square_5x5_megaprize_open,
          minmay_the_grid_square_5x5_three, minmay_the_grid_square_5x5_spiral,
          minmay_the_grid_square_5x5_fat_x, minmay_the_grid_square_5x5_seven],
          layout_basic, minmay_lair_entry_grove, zombieorc2_lemuel,
          ebering_ghost_disaster_area, minivault_29
Temple:   regret_index_temple_sigil_plot
Lair:1:   layout_chaotic_city

Skill      XL: |  1  2  3  4  5  6  7  8  9 10 11 12 |
---------------+-------------------------------------+-----
Axes           | 4 5 6 7 8 9 11 13 14 16 17 | 17.3
Fighting       | 4 5 6 7 8 9 11 12 13 | 13.0
Armour         | 3 6 8 10 11 | 11.1
Dodging        | |  3.2
Stealth        | |  1.5

Action                   |  1- 3 |  4- 6 |  7- 9 | 10-12 || total
-------------------------+-------+-------+-------+-------++-------
Melee: Hand axe          |    80 |   177 |   245 |   560 ||  1062
       Headbutt          |    14 |    29 |    58 |   195 ||   296
       Kick              |       |    10 |    95 |   298 ||   403
       Punch             |       |       |       |     5 ||     5
Invok: Heroism           |       |       |     1 |     6 ||     7
       Finesse           |       |       |       |     1 ||     1
  Use: Scroll            |     2 |     7 |     6 |     9 ||    24
       Potion            |       |    10 |     4 |     2 ||    16
 Stab: Sleeping          |     4 |     2 |       |       ||     6
Armor: Robe              |     3 |       |       |       ||     3
       Ring mail         |    12 |    18 |       |       ||    30
       Chain mail        |       |    18 |       |       ||    18
       Plate armour      |       |    52 |   134 |   195 ||   381
       Skin              |       |     9 |       |       ||     9
       Acid dragon scale |       |       |       |    28 ||    28
Dodge: Dodged            |    38 |    57 |    60 |   184 ||   339
